 Dungeon Crawl Stone Soup version 0.20.0-15-g7f486f2 (webtiles) character file.

21 spacegravy the Digger (level 2, 0/15 HPs)
             Began as a Gargoyle Earth Elementalist on June 14, 2017.
             Slain by a leopard gecko (2 damage)
             ... on level 2 of the Dungeon.
             The game lasted 00:02:35 (925 turns).

spacegravy the Digger (Gargoyle Earth Elementalist)  Turns: 925, Time: 00:02:36

Health: 0/15       AC:  4    Str: 11    XL:     2   Next: 83%
Magic:  3/5        EV: 12    Int: 15    God:
Gold:   29         SH:  0    Dex: 10    Spells: 4/5 levels left

rFire    . . .     SeeInvis .   i - +0 hand axe
rCold    . . .     Gourm    .   (no shield)
rNeg     + . .     Faith    .   c - +0 robe
rPois    ∞         Spirit   .   (no helmet)
rElec    +         Reflect  .   (no cloak)
rCorr    .         Harm     .   (no gloves)
MR       .....                  (no boots)
Stlth    ++........             (no amulet)
Regen    0.1/turn               (no ring)
MPRegen  0.1/turn               (no ring)

@: no status effects
A: negative energy resistance 1, electricity resistance, unbreathing,
petrification resistance, rot immunity, AC +2
a: no special abilities


You were on level 2 of the Dungeon.
You were not hungry.

You visited 1 branch of the dungeon, and saw 2 of its levels.

You collected 29 gold pieces.


Innate Abilities, Weirdness & Mutations

You are resistant to torment.
Your stone body is resilient. (AC +2)
You are immune to poison.
You resist negative energy. (rN+)
You are resistant to electric shocks. (rElec)
You can survive without breathing.
You are immune to petrification.
You are immune to rotting.


   Skills:
 - Level 1.5 Dodging
 - Level 2.1 Stealth
 + Level 2.4 Spellcasting
   Level 0.7 Transmutations
 * Level 4.3 Earth Magic


You had 4 spell levels left.
You knew the following spells:

 Your Spells              Type           Power        Failure   Level  Hunger
z - Sandblast             Erth           ##....       3%          1    #......

Inventory:

Hand Weapons
 i - a +0 hand axe (weapon)
 l - a +2 mace of holy wrath
Missiles
 b - 100 stones (quivered)
Armour
 c - a +0 robe (worn)
Scrolls
 a - a scroll of remove curse {unknown}
 j - 2 scrolls of identify {unknown}
 n - a scroll of fear {unknown}
Potions
 f - 2 potions of agility {unknown}
 m - a potion of degeneration {unknown}
Books
 e - a book of Geomancy

   Spells                             Type                      Level
   a - Sandblast                      Earth                        1
   b - Passwall                       Transmutation/Earth          2
   c - Stone Arrow                    Conjuration/Earth            3
   d - Petrify                        Transmutation/Earth          4
   e - Lee's Rapid Deconstruction     Earth                        5
Comestibles
 d - a bread ration
 g - a chunk of flesh
 h - 4 fruits
 k - a royal jelly

Dungeon Overview and Level Annotations

Branches:
Dungeon (2/15)

Altars:

▒.▒..▒.....▒ ▒.▒▒▒.▒..▒.....▒
▒........÷.....▒▒▒.▒
▒▒▒▒▒.▒▒▒▒.........▒ ▒.▒
▒........▒▒.▒▒▒▒▒▒ ▒.▒
▒.▒▒.▒▒▒.▒▒.▒ ▒.▒ ▒.▒▒.▒
▒.▒▒'▒▒ ..▒ ▒▒▒.▒▒l▒ ▒.▒...▒▒
▒▒▒.▒ ▒....8.▒ ▒......▒▒ .▒▒.▒
▒.▒.▒▒▒▒▒▒.......▒▒
..▒.▒▒▒▒▒▒▒▒....▒▒▒▒.........▒
.............................+
..▒.▒▒▒▒▒▒▒▒.................▒
.▒▒.▒ ▒.▒.▒▒▒▒▒▒.......▒▒
▒▒▒.▒ ▒.▒▒▒ ▒▒.....▒▒ ....▒
▒.▒▒▒ ▒▒...▒▒ ▒▒▒▒▒ ▒...▒
▒▒'▒▒


You could see a leopard gecko.


Message History

Aiming: Sandblast
Aim: a leopard gecko (lightly wounded, clinging)
The blast of sand misses the leopard gecko.
b - 103 stones The leopard gecko bites you but does no damage. x2
Aiming: Sandblast
Aim: a leopard gecko (lightly wounded, clinging)
The blast of sand misses the leopard gecko.
b - 102 stones The leopard gecko bites you.
* * * LOW HITPOINT WARNING * * *
Aiming: Sandblast
Aim: a leopard gecko (lightly wounded, clinging)
The blast of sand misses the leopard gecko.
b - 101 stones The leopard gecko barely misses you.
The leopard gecko hisses menacingly.
The leopard gecko bites you.
* * * LOW HITPOINT WARNING * * *
Aiming: Sandblast
Aim: a leopard gecko (lightly wounded, clinging)
The blast of sand misses the leopard gecko.
b - 100 stones The leopard gecko barely misses you. x2
The leopard gecko barely misses you.
The leopard gecko bites you but does no damage.
The leopard gecko bites you.
* * * LOW HITPOINT WARNING * * *
The leopard gecko bites you.
You die...

Action                   || total
-------------------------++-------
Melee: Hand axe          ||    28
 Cast: Sandblast         ||    13
 Stab: Sleeping          ||     2
Armor: Robe              ||    18
Dodge: Dodged            ||    20

Vault maps used:
D:1:      doesnt_arrival_eight_statues
D:2:      grunt_gozag_breadcrumbs, chequers_ecumenical_altar_simple,
          minivault_14, minivault_27, minmay_split_cup_small

Notes
Turn   | Place    | Note
-------+----------+-------------------------------------------
     0 | D:1      | spacegravy the Gargoyle Earth Elementalist began the quest for the Orb.
     0 | D:1      | Reached XP level 1. HP: 10/10 MP: 3/3
   441 | D:1      | Reached skill level 4 in Earth Magic
   490 | D:1      | Reached XP level 2. HP: 15/15 MP: 5/5
   918 | D:2      | HP: 1/15 [leopard gecko (4)]
   925 | D:2      | Slain by a leopard gecko

Vanquished Creatures
  An adder (D:2)
  A giant cockroach (D:1)
  A hobgoblin (D:1)
  A jackal (D:2)
  4 goblins (D:1)
  A kobold (D:2)
  4 rats
13 creatures vanquished.
